 Dungeon Crawl Stone Soup version 0.18.1-48-g4cf74bf (webtiles) character file.

850 Joat the Reanimator (level 7, -9/55 HPs)
             Began as a Deep Dwarf Necromancer on Aug 10, 2016.
             Was an Initiate of Pakellas.
             Mangled by an orc warrior
             ... wielding a +0 glaive
              (28 damage)
             ... on level 4 of the Dungeon.
             The game lasted 00:42:41 (3957 turns).

Joat the Reanimator (Deep Dwarf Necromancer)        Turns: 3957, Time: 00:42:42

Health: -9/55      AC:  8    Str: 11    XL:     7   Next: 69%
Magic:  0/12       EV: 13    Int: 16    God:    Pakellas [......]
Gold:   120        SH:  0    Dex: 15    Spells: 4 memorised, 4 levels left

rFire  . . .     SeeInvis .     r - +4 quarterstaff (chaos)
rCold  . . .     Gourm    .     B - +0 robe (curse)
rNeg   . . .     Faith    .     (shield currently unavailable)
rPois  +         Spirit   .     p - +0 helmet
rElec  .         Dismiss  .     s - +0 cloak {rPois}
rCorr  .         Reflect  .     (no gloves)
SustAt .         Harm     .     i - +0 pair of boots
MR     +....                    (no amulet)
Stlth  ++........               (no ring)
                                l - +3 ring of protection

@: non-regenerating, somewhat resistant to hostile enchantments, unstealthy
A: damage resistance, recharge devices, sense surroundings 1, slow regeneration
3
a: Device Recharging, Renounce Religion


You were on level 4 of the Dungeon.
You worshipped Pakellas.
Pakellas was noncommittal.
You were not hungry.

You visited 1 branch of the dungeon, and saw 5 of its levels.

You collected 225 gold pieces.
You spent 105 gold pieces at shops.

Inventory:

Hand Weapons
 g - a +1 short sword
 h - a +0 dagger of venom
 r - a +4 quarterstaff of chaos (weapon)
Missiles
 x - 7 curare-tipped needles
 y - a throwing net (quivered)
Armour
 i - a +0 pair of boots (worn)
 p - a +0 helmet (worn)
 s - a +0 cloak of poison resistance (worn)
 B - a cursed +0 robe (worn)
 F - a +3 ring mail
Jewellery
 l - a +3 ring of protection (left hand)
Wands
 c - a wand of heal wounds (0/9)
Scrolls
 e - a scroll of noise {unknown}
 j - 3 scrolls of teleportation
 k - a scroll of recharging {unknown}
 q - 7 scrolls of identify {unknown}
 t - 4 scrolls of remove curse
 u - a scroll of fear {unknown}
 D - 2 scrolls of blinking
Potions
 m - a potion of cure mutation {unknown}
 n - 2 potions of heal wounds {unknown}
 o - 3 potions of curing {unknown}
 v - a potion of berserk rage {unknown}
 w - 2 potions of haste {unknown}
 A - a potion of agility {unknown}
 E - a potion of degeneration {unknown}
 G - a potion of magic {unknown}
Books
 b - a book of Necromancy

   Spells                             Type                      Level
   a - Pain                           Necromancy                   1
   b - Animate Skeleton               Necromancy                   1
   c - Vampiric Draining              Necromancy                   3
   d - Regeneration                   Charms/Necromancy            3
   e - Animate Dead                   Necromancy                   4
   f - Control Undead                 Necromancy                   4
Comestibles
 d - 2 bread rations
 f - a meat ration
 z - a beef jerky
 C - 5 fruits


   Skills:
 + Level 1.9 Staves
 - Level 3.1 Dodging
 - Level 2.4 Stealth
 - Level 3.6 Spellcasting
 - Level 8.4 Necromancy
 + Level 3.1 Evocations


You had 4 spell levels left.
You knew the following spells:

 Your Spells              Type           Power        Failure   Level  Hunger
a - Pain                  Necr           ####         1%          1    None
c - Vampiric Draining     Necr           ####......   1%          3    ###....
w - Animate Skeleton      Necr           N/A          1%          1    None
W - Animate Dead          Necr           N/A          8%          4    ####...


Dungeon Overview and Level Annotations

Branches:
Dungeon (5/15)
 Temple: D:4-7

Altars:
Kikubaaqudgha
Pakellas
Vehumet
Xom

Shops:
D:4 ?


Innate Abilities, Weirdness & Mutations

You are resistant to damage.
You can recharge devices by infusing magical energy.
You passively map a small area around you.
You do not regenerate naturally.


Message History

The orc warrior is heavily wounded.
You hit the orc warrior.
The orc warrior is severely wounded.
The orc warrior barely misses you.
You hit the orc warrior but do no damage.
Space bends around the orc warrior.
The orc warrior is severely wounded.
The orc warrior closely misses you.
You barely miss the orc warrior.
The orc warrior is severely wounded.
The orc warrior misses you.
You hit the orc warrior but do no damage.
The orc warrior is severely wounded.
The orc warrior closely misses you.
You sock the orc warrior! You freeze the orc warrior.
The orc warrior is almost dead.
The orc warrior hits you with a glaive!!
Ouch! That really hurt!
You die...
Pakellas says: Back to the drawing board!

...............## ##.#
## >.<.............#
##.# ##.
...............## #..#
##.. .....)........##
#.## ##...
.............## #o#
#.... ............## #.#
#.... ...........##
###.## #....
..........## ###....#
#.... .........##
###.@o##.## ##...
#.))...######...#####.##
#... ##)########...###
#..## #...
#.(#####...### ##..##
##.. ###..##...###
##..## #.. ........###
##..# ##. ......###
##.## #. .......#
##.#####. .......##
##.[....


You could see an orc warrior.

Vanquished Creatures
  Menkaure (D:4)
  Purgy (D:3)
  A phantom (D:4)
  Blork the orc (D:4)
  The ghost of TBriggs11TB the Chopper, a weakling HOFi (D:3)
  A howler monkey (D:4)
  An orc priest (D:4)
  Crazy Yiuf (D:2)
  2 centaur skeletons (D:4)
  A hound (D:5)
  A giant frog skeleton (D:4)
  An iguana (D:4)
  2 orc wizards
  A hound skeleton (D:4)
  Robin (D:2)
  8 adders
  An ooze (D:4)
  A worm (D:2)
  2 dart slugs
  2 giant geckos
  3 orcs (D:4)
  4 giant cockroaches
  12 goblins
  6 hobgoblins
  4 jackals
  2 quokkas (D:3)
  A ball python (D:3)
  5 bats
  2 giant newts
  3 kobolds
  7 rats
80 creatures vanquished.

Vanquished Creatures (collateral kills)
  2 bats (D:1)
  A giant newt (D:2)
3 creatures vanquished.

Grand Total: 83 creatures vanquished

Notes
Turn   | Place    | Note
--------------------------------------------------------------
     0 | D:1      | Joat the Deep Dwarf Necromancer began the quest for the Orb.
     0 | D:1      | Reached XP level 1. HP: 15/15 MP: 3/3
     2 | D:1      | Learned a level 1 spell: Animate Skeleton
   346 | D:1      | Reached XP level 2. HP: 22/22 MP: 4/4
   522 | D:1      | Reached skill level 5 in Necromancy
  1003 | D:2      | Noticed Robin
  1259 | D:2      | Killed Robin
  1259 | D:2      | Reached XP level 3. HP: 28/28 MP: 0/5
  1686 | D:2      | Noticed Crazy Yiuf
  1706 | D:2      | Killed Crazy Yiuf
  1706 | D:2      | Reached skill level 6 in Necromancy
  1706 | D:2      | Reached XP level 4. HP: 36/36 MP: 1/6
  1864 | D:2      | Learned a level 3 spell: Vampiric Draining
  2093 | D:3      | Noticed Purgy
  2103 | D:3      | Killed Purgy
  2103 | D:3      | Reached skill level 1 in Staves
  2103 | D:3      | Reached XP level 5. HP: 37/42 MP: 2/8
  2183 | D:3      | Noticed TBriggs11TB's ghost (weakling HOFi)
  2212 | D:3      | Killed TBriggs11TB's ghost
  2456 | D:3      | Reached skill level 7 in Necromancy
  2456 | D:3      | Reached XP level 6. HP: 40/49 MP: 7/9
  2523 | D:3      | Found an ancient bone altar of Kikubaaqudgha.
  2525 | D:3      | Found a radiant altar of Vehumet.
  2527 | D:3      | Found a shimmering altar of Xom.
  2909 | D:4      | Noticed Blork the orc
  2921 | D:4      | Killed Blork the orc
  3073 | D:4      | Reached XP level 7. HP: 49/55 MP: 11/11
  3086 | D:4      | Learned a level 4 spell: Animate Dead
  3111 | D:4      | Found Wavesoxi's Magic Scroll Shop.
  3114 | D:4      | Bought a scroll of teleportation for 30 gold pieces
  3114 | D:4      | Bought a scroll of blinking for 75 gold pieces
  3215 | D:4      | Reached skill level 8 in Necromancy
  3312 | D:4      | Noticed Menkaure
  3317 | D:4      | Killed Menkaure
  3359 | D:4      | Found an oddly glowing altar of Pakellas.
  3362 | D:4      | Became a worshipper of Pakellas the Inventive
  3396 | D:4      | Reached skill level 1 in Evocations
  3787 | D:5      | Entered Level 5 of the Dungeon
  3940 | D:4      | HP: 1/55 [orc warrior/glaive (14)]
  3957 | D:4      | Mangled by an orc warrior

Skill      XL: |  1  2  3  4  5  6  7 |
---------------+----------------------+-----
Necromancy     | 5 6 7 8 |  8.4
Staves         | 1 |  1.9
Spellcasting   | 2 3 |  3.6
Dodging        | 3 |  3.1
Evocations     | 3 |  3.1
Stealth        | |  2.4

Action                   |  1- 3 |  4- 6 |  7- 9 || total
-------------------------+-------+-------+-------++-------
Melee: Short sword       |     3 |       |       ||     3
       Dagger            |     3 |       |       ||     3
       Quarterstaff      |       |    54 |    55 ||   109
 Cast: Pain              |    66 |    23 |    11 ||   100
       Animate Skeleton  |     8 |    10 |     2 ||    20
       Vampiric Draining |       |    18 |     6 ||    24
Evoke: Wand              |       |       |     5 ||     5
  Use: Scroll            |     3 |       |       ||     3
 Stab: Confused          |       |     1 |       ||     1
       Sleeping          |       |     1 |       ||     1
  Eat: Chunk             |     4 |     7 |     3 ||    14
Armor: Robe              |     5 |    13 |    17 ||    35
Dodge: Dodged            |    16 |    59 |    40 ||   115
